 Dungeon Crawl Stone Soup version 0.30.0-29-ga12c61a403 (webtiles) character file.

Game seed: 10058694617887010895

51 IndexError the Magician (level 4, 0/32 HPs)
             Began as a Djinni Hedge Wizard on June 6, 2023.
             Slain by a gnoll
             ... wielding a +0 flail
              (5 damage)
             ... on level 2 of the Dungeon.
             The game lasted 00:01:41 (911 turns).

IndexError the Magician (Djinni Hedge Wizard)        Turns: 911, Time: 00:01:41

Health: 0/32       AC:  2    Str:  9    XL:     4   Next: 5%
Gold:   69         EV: 12    Int: 17    God:
                   SH:  0    Dex: 13

rFire   + + .        j - +0 short sword (drain)
rCold   x . .        (no shield)
rNeg    . . .        b - +0 robe
rPois   ∞            c - +0 hat
rElec   .            (no cloak)
rCorr   .            (no gloves)
SInv    .            (boots unavailable)
Will    .....        (no amulet)
Stlth   ++           (no ring)
HPRegen 0.25/turn    (no ring)
MPRegen 0.00/turn

%: infuse magic (-1 HP)
@: flying
A: sickness immunity, fire resistance 2, cold vulnerability 1, float, innate
caster, HP casting, extra vitality 1
a: no special abilities


You were on level 2 of the Dungeon.
You visited 1 branch of the dungeon, and saw 2 of its levels.

You collected 69 gold pieces.

Inventory:

Hand Weapons
 j - a +0 short sword of draining (weapon)
   (You found it on level 1 of the Dungeon)
Armour
 b - a +0 robe (worn)
 c - a +0 hat (worn)
Scrolls
 a - a scroll of noise {unknown}
 d - a scroll of blinking {unknown}
 e - a scroll of identify {unknown}
 g - 2 scrolls of teleportation {unknown}
 l - a scroll of torment {unknown}
Potions
 f - a potion of flight {unknown}
 h - a potion of curing {unknown}
 i - a potion of degeneration {unknown}
 k - a potion of attraction {unknown}
 m - a potion of mutation {unknown}


   Skills:
 + Level 1.6 Fighting
 - Level 2.1 Dodging
 - Level 1.5 Stealth
 * Level 3.3 Spellcasting


You knew the following spells:

 Your Spells              Type           Power      Damage    Failure   Level
a - Magic Dart            Conj           56%        1d5       4%          1
b - Blink                 Tloc           28%        N/A       7%          2
c - Call Imp              Summ           28%        N/A       7%          2
d - Freeze                Ice            56%        1d7       4%          1
s - Slow                  Hex            56%        N/A       4%          1
x - Mephitic Cloud        Conj/Pois/Air  14%        N/A       13%         3
Your spell library was empty.

Dungeon Overview and Level Annotations

Branches:
Dungeon (2/15)

Altars:


Innate Abilities, Weirdness & Mutations

You are immune to sickness and miasma.
You are immune to poison.
Your flesh is very heat resistant. (rF++)
You are vulnerable to cold. (rC-)
You float through the air rather than walking.
You learn spells naturally, not from books.
Your magical power is your life essence.
You have superior vitality. (+4 MHP)


Message History

You see here a +0 ring mail.
You reach down and open the door.
There is an open door here.
A gnoll comes into view. It is wielding a +0 club.
A gnoll is nearby!
The magic dart hits the gnoll.
The gnoll shouts!
You hear a shout!
You take 1 damage, and have 26/27 hp.
You miscast Magic Dart.
You are very lightly contaminated with residual magic.
Nothing appears to happen.
The magic dart hits the gnoll.
You take 1 damage, and have 25/27 hp.
The magic dart hits the gnoll.
You take 1 damage, and have 24/27 hp.
The magic dart hits the gnoll.
A gnoll comes into view. It is wielding a +0 club.
You take 1 damage, and have 23/27 hp.
The magic dart hits the gnoll.
The magic dart hits the gnoll but does no damage.
The gnoll hits you with a +0 club.
You take 4 damage, and have 19/27 hp.
The magic dart hits the gnoll.
Your magical contamination has completely faded away.
You take 1 damage, and have 18/27 hp.
The magic dart hits the gnoll.
A gnoll comes into view. It is wielding a +0 flail.
A rat comes into view.
You take 1 damage, and have 17/27 hp.
The magic dart hits the gnoll.
The magic dart hits the gnoll.
You take 1 damage, and have 16/27 hp.
You are too injured to fight recklessly!
You are too injured to fight recklessly!
You are too injured to fight recklessly!
Casting: Magic Dart (safe; 4% risk of failure)
Confirm with . or Enter, or press ? or * to list all spells.
Aiming: Magic Dart (safe; 4% risk of failure)
Press: ? - help, Shift-Dir - straight line, f/p - gnoll
Aim: a gnoll, wielding a +0 club (heavily wounded, 100% to hit)
The magic dart hits the gnoll.
The gnoll misses you.
You take 1 damage, and have 15/27 hp.
Casting: Magic Dart (safe; 4% risk of failure)
Confirm with . or Enter, or press ? or * to list all spells.
Aiming: Magic Dart (safe; 4% risk of failure)
Press: ? - help, Shift-Dir - straight line, f/p - gnoll
Aim: a gnoll, wielding a +0 club (severely wounded, 100% to hit)
The magic dart hits the gnoll.
The gnoll hits you with a +0 club.
You take 4 damage, and have 11/27 hp.
Casting: Magic Dart (safe; 4% risk of failure)
Confirm with . or Enter, or press ? or * to list all spells.
Aiming: Magic Dart (safe; 4% risk of failure)
Press: ? - help, Shift-Dir - straight line, f/p - gnoll
Aim: a gnoll, wielding a +0 club (almost dead, 100% to hit)
The magic dart hits the gnoll.
A gnoll comes into view. It is wielding a +0 whip.
You have reached level 4!
You feel agile.
You regained 2 hp, and now have 13/32 hp.
Casting: Magic Dart (safe; 4% risk of failure)
Confirm with . or Enter, or press ? or * to list all spells.
Aiming: Magic Dart (safe; 4% risk of failure)
Press: ? - help, Shift-Dir - straight line, f - rat
Aim: a rat (100% to hit)
The magic dart hits the rat.
The gnoll shouts!
You take 1 damage, and have 12/32 hp.
Casting: Magic Dart (safe; 4% risk of failure)
Confirm with . or Enter, or press ? or * to list all spells.
Aiming: Magic Dart (safe; 4% risk of failure)
Press: ? - help, Shift-Dir - straight line, f/p - rat
Aim: a rat (moderately wounded, 100% to hit)
The magic dart hits the rat.
The gnoll closely misses you.
You take 1 damage, and have 11/32 hp.
Casting: Magic Dart (safe; 4% risk of failure)
Confirm with . or Enter, or press ? or * to list all spells.
Aiming: Magic Dart (safe; 4% risk of failure)
Press: ? - help, Shift-Dir - straight line, f - gnoll
Aim: a gnoll, wielding a +0 flail (100% to hit)
The magic dart hits the gnoll but does no damage.
The gnoll hits you with a +0 flail.
* * * LOW HITPOINT WARNING * * *
You take 4 damage, and have 7/32 hp.
Casting: Magic Dart (safe; 4% risk of failure)
Confirm with . or Enter, or press ? or * to list all spells.
Aiming: Magic Dart (safe; 4% risk of failure)
Press: ? - help, Shift-Dir - straight line, f/p - gnoll
Aim: a gnoll, wielding a +0 flail (100% to hit)
The magic dart hits the gnoll.
* * * LOW HITPOINT WARNING * * *
The gnoll hits you with a +0 flail.
* * * LOW HITPOINT WARNING * * *
Casting: Magic Dart (safe; 4% risk of failure)
Confirm with . or Enter, or press ? or * to list all spells.
Aiming: Magic Dart (safe; 4% risk of failure)
Press: ? - help, Shift-Dir - straight line, f/p - gnoll
Aim: a gnoll, wielding a +0 flail (lightly wounded, 100% to hit)
The magic dart hits the gnoll.
* * * LOW HITPOINT WARNING * * *
The gnoll hits you with a +0 flail.
You die...

..............†..####.....#
#
.#.....................<.#
# #..............####.....#
# #........÷###### #######
# #..............## #
#...............### #
#######.........'.# #
#.........#.######### #
.....gg@..#.........# #
.........###........# #
.........# #........# #
.....##### #....(...## #
..... #.........### ....
#............ ...
#......#####. ###
######.#...#. #.#.<.#.


You could see 2 gnolls.

Vanquished Creatures
  2 gnolls (D:2)
  2 endoplasms
  2 giant cockroaches
  3 goblins (D:1)
  2 hobgoblins
  4 jackals (D:1)
  A kobold (D:1)
  4 ball pythons
  4 bats
  3 frilled lizards (D:1)
  3 rats (D:2)
30 creatures vanquished.

Notes
Turn   | Place    | Note
-------+----------+-------------------------------------------
     0 | D:1      | IndexError the Djinni Hedge Wizard began the quest for the
                  | Orb.
     0 | D:1      | IndexError set off with the following spells memorised:
                  | Magic Dart, Slow, Blink, Call Imp, Mephitic Cloud.
     0 | D:1      | Reached XP level 1. HP: 15/15 MP: 0/0
   101 | D:1      | Reached XP level 2. HP: 18/22 MP: 0/0
   295 | D:1      | Reached skill level 1 in Fighting
   548 | D:1      | Reached XP level 3. HP: 26/27 MP: 0/0
   548 | D:1      | Learned a level 1 spell: Freeze
   591 | D:1      | Reached skill level 3 in Spellcasting
   599 | D:2      | Found a faded altar of an unknown god.
   907 | D:2      | Reached XP level 4. HP: 13/32 MP: 0/0
   909 | D:2      | HP: 7/32 [gnoll/+0 flail (3)]
   911 | D:2      | Slain by a gnoll

Illustrated notes

Levels and vault maps discovered:
D:1:      minmay_arrival_stone_box, layout_rooms, supply_closet_lemuel,
          minmay_tiny_reverse_x
D:2:      layout_basic, nicolae_ecumenical_oubliette, kennysheep_generic_room_14

Skill      XL: |  1  2  3 |
---------------+----------+-----
Fighting       | 1 |  1.6
Spellcasting   | 3 |  3.3
Dodging        | |  2.1
Stealth        | |  1.5

Action                     |  1- 3 |  4- 6 || total
---------------------------+-------+-------++-------
  Melee: Dagger            |    25 |       ||    25
   Cast: Magic Dart        |    68 |     5 ||    73
 Armour: Robe              |     9 |       ||     9
  Dodge: Dodged            |    24 |     1 ||    25

Levels and vault maps discovered:
D:1:      minmay_arrival_stone_box, layout_rooms, supply_closet_lemuel,
          minmay_tiny_reverse_x
D:2:      layout_basic, nicolae_ecumenical_oubliette, kennysheep_generic_room_14

Table legend: (Time is in decaauts)
 A = Elapsed time spent in this place.
 B = Non-inter-level travel time spent in this place.
 C = Inter-level travel time spent in this place.
 D = Time resting spent in this place.
 E = Time spent auto-exploring this place.
 F = Levels seen in this place.
 G = Mean time per level.
                   A        B        C        D        E       F      G
               +--------+--------+--------+--------+--------+-----+--------+
         Total |    911 |    841 |     70 |      0 |    676 |   2 |  455.5 |
       Dungeon |    911 |    841 |     70 |      0 |    676 |   2 |  455.5 |
               +--------+--------+--------+--------+--------+-----+--------+

Top non-repeatable levels by time:
     D:1: 642 daAuts
     D:2: 269 daAuts

Table legend:
 A = Kills in this place as a percentage of kills in the entire game.
 B = Kills by you in this place as a percentage of kills by you in the entire game.
 C = Kills by friends in this place as a percentage of kills by friends in the entire game.
 D = Other kills in this place as a percentage of other kills in the entire game.
 E = Experience gained in this place as a percentage of experience gained in the entire game.
 F = Experience gained in this place divided by the number of levels of this place that you have seen.
                   A       B       C       D       E      F
               +-------+-------+-------+-------+-------+----------------------
         Total | 100.0 | 100.0 |   N/A |   N/A | 100.0 |  36.5
       Dungeon | 100.0 | 100.0 |   N/A |   N/A | 100.0 |  36.5
               +-------+-------+-------+-------+-------+----------------------
